 Dungeon Crawl Stone Soup version bcrawl-1.17.3 (webtiles) character file.

Game seed: 6712409917041068316

230 Chiseanne the Thaumaturge (level 5, -11/38 HPs)
             Began as a Mummy Archaeologist on Oct 24, 2019.
             Mangled by an ogre
             ... wielding a +0 giant spiked club
              (27 damage)
             ... on level 4 of the Dungeon.
             The game lasted 00:06:28 (4936 turns).

Chiseanne the Thaumaturge (Mummy Archaeologist)     Turns: 4936, Time: 00:06:29

Health: -11/38     AC:  8    Str: 14    XL:     5   Next: 72%
Magic:  15/15      EV: 10    Int: 15    God:
Gold:   266        SH:  5    Dex: 10    Spells: 20/20 levels left

rFire    x . .     SeeInvis .   h - +0 spear
rCold    + . .     Gourm    .   l - +2 buckler
rNeg     + + +     Faith    .   g - +0 ring mail
rPois    ∞         Spirit   .   c - +1 hat
rElec    .         Reflect  .   (no cloak)
rCorr    .         Harm     .   (no gloves)
MR       .....     Clarity  +   d - +1 pair of boots
Stlth    +.........             (no amulet)
HPRegen  0.12/turn              (no ring)
MPRegen  0.14/turn              (no ring)

@: studying Spellcasting
A: no food or potions, fire vulnerability, clarity, cold resistance 1, negative
energy resistance 3, torment resistance, unbreathing
a: no special abilities


You were on level 4 of the Dungeon.
You were not hungry.

You visited 1 branch of the dungeon, and saw 4 of its levels.

You collected 266 gold pieces.

Inventory:

Hand Weapons
 h - a +0 spear (weapon)
Missiles
 b - 473 stones (quivered)
 k - 221 sling bullets
Armour
 c - a +1 hat (worn)
 d - a +1 pair of boots (worn)
 g - a +0 ring mail (worn)
 l - a +2 buckler (worn)
Scrolls
 a - 2 scrolls of identify
 i - a scroll of teleportation
 m - 2 scrolls of fear
Books
 e - a manual of Spellcasting
Miscellaneous
 f - an ancient crate


   Skills:
 - Level 1.8 Fighting
   Level 0.7 Maces & Flails
 - Level 1.0 Armour
 - Level 2.8 Dodging
 - Level 2.6 Stealth
 * Level 8.3 Spellcasting


You had 20 spell levels left.
You didn't know any spells.
Your spell library contained the following spells:

 Spells                   Type           Power        Failure   Level  Hunger
 Summon Small Mammal      Summ           #...         38%         1    N/A
 Call Imp                 Summ           #.......     52%         2    N/A
 Call Canine Familiar     Summ           #.......     77%         3    N/A
 Summon Ice Beast         Ice/Summ       #.......     99%         4    N/A
 Summon Lightning Spire   Summ/Air       #.......     100%        5    N/A

Dungeon Overview and Level Annotations

Branches:
Dungeon (4/12)
 Temple: D:4-7

Altars:
Fedhas
Lugonu

Annotations:
D:2 Terence
D:3 Grinder; Sigmund
D:4 1 runed translucent door, Name63's ghost, novice SDFi


Innate Abilities, Weirdness & Mutations

You do not eat or drink.
Your flesh is vulnerable to fire.
You are immune to poison.
You possess an exceptional clarity of mind.
Your flesh is cold resistant. (rC+)
You are immune to negative energy. (rN+++)
You are immune to unholy pain and torment.
You can survive without breathing.


Message History

You are too injured to fight recklessly!
You are too injured to fight recklessly!
You are too injured to fight recklessly!
You are too injured to fight recklessly!
You are too injured to fight recklessly!
You are too injured to fight recklessly!
You are too injured to fight recklessly!
You hit the ogre but do no damage.
The ogre is severely wounded.
The crimson imp barely misses you.
You closely miss the ogre.
The ogre is severely wounded.
The ogre barely misses you.
The crimson imp hits you but does no damage.
You hit the ogre but do no damage.
The ogre is severely wounded.
You block the crimson imp's attack.
The ogre hits you with a +0 giant spiked club!!
Ouch! That really hurt!
You die...

#.. #..#.# #.. #.O#.#
#..##....## #..<....$..
.. #.###....## #..# #.#
#...... #
###...##.####...## #.
##.##.$............
#.##5@.##O##.#####.###
####..##O##.....#####.##
.......5##....#.........
######..#..#####.####.##
##...# #.# .. ##.## #.#
.# #.# #.# #.#######.#
#.5.......#


You could see an ogre and 2 crimson imps.

Vanquished Creatures
  A howler monkey (D:4)
  A hound (D:4)
  An iguana (D:2)
  A howler monkey skeleton (D:4)
  4 adders
  3 worms (D:2)
  2 dart slugs
  8 leopard geckos
  2 orcs
  5 giant cockroaches (D:2)
  4 goblins (D:1)
  10 hobgoblins
  3 jackals (D:1)
  5 quokkas
  3 ball pythons
  3 bats (D:1)
  4 frilled lizards
  7 kobolds
  4 rats
71 creatures vanquished.

Vanquished Creatures (others)
  2 withered plants (D:4)
2 creatures vanquished.

Grand Total: 73 creatures vanquished

Notes
Turn   | Place    | Note
-------+----------+-------------------------------------------
     0 | D:1      | Chiseanne the Mummy Archaeologist began the quest for the
                  | Orb.
     0 | D:1      | Reached XP level 1. HP: 15/15 MP: 1/1
   352 | D:1      | Reached XP level 2. HP: 19/21 MP: 2/2
   656 | D:1      | Reached skill level 1 in Armour
   792 | D:1      | Reached XP level 3. HP: 26/27 MP: 3/3
   886 | D:1      | Reached skill level 1 in Spellcasting
  1419 | D:2      | Reached skill level 2 in Spellcasting
  1776 | D:2      | Noticed Terence
  1892 | D:2      | Reached skill level 3 in Spellcasting
  2402 | D:2      | Reached skill level 4 in Spellcasting
  2409 | D:2      | Reached XP level 4. HP: 29/33 MP: 10/10
  2445 | D:2      | Reached skill level 5 in Spellcasting
  3074 | D:3      | Noticed Sigmund
  3135 | D:3      | Reached skill level 6 in Spellcasting
  3390 | D:3      | Reached XP level 5. HP: 37/38 MP: 13/13
  3395 | D:3      | Found a corrupted altar of Lugonu.
  3395 | D:3      | Found a blossoming altar of Fedhas.
  3645 | D:4      | Found a runed translucent door.
  3647 | D:4      | Noticed Name63's ghost (novice SDFi)
  3678 | D:4      | Reached skill level 7 in Spellcasting
  3710 | D:4      | Reached skill level 8 in Spellcasting
  4515 | D:4      | Noticed Grinder
  4522 | D:4      | Paralysed by Grinder for 4 turns
  4533 | D:4      | Noticed an ogre
  4549 | D:3      | Paralysed by Grinder for 4 turns
  4936 | D:4      | Mangled by an ogre

Skill      XL: |  1  2  3  4  5 |
---------------+----------------+-----
Armour         | 1 |  1.0
Spellcasting   | 4 6 8 |  8.3
Fighting       | |  1.8
Maces & Flails | |  0.7
Dodging        | |  2.8
Stealth        | |  2.6

Action                   |  1- 3 |  4- 6 || total
-------------------------+-------+-------++-------
Melee: Spear             |   226 |   353 ||   579
  Use: Scroll            |     5 |     4 ||     9
 Stab: Sleeping          |     3 |     2 ||     5
Armor: Ring mail         |   100 |   138 ||   238
Dodge: Dodged            |   106 |   162 ||   268
Block: Buckler           |    25 |    80 ||   105
